 Dungeon Crawl Stone Soup version 0.17.2 (webtiles) character file.

6 Charly the Insei (level 1, 2/9 HPs)
             Began as a Vine Stalker Transmuter on May 6, 2016.
             Quit the game on level 3 of the Dungeon.
             The game lasted 00:04:29 (249 turns).

Charly the Insei (Vine Stalker Transmuter)           Turns: 249, Time: 00:04:29

Health: 2/9        AC:  3    Str: 12    XL:     1   Next: 90%
Magic:  0/4        EV: 16    Int: 13    God:
Gold:   31         SH:  0    Dex: 14    Spells: 1 memorised, 3 levels left

rFire  . . .     SeeInvis .       - Unarmed
rCold  . . .     Clarity  .     b - +0 robe
rNeg   . . .     SustAt   .     (no shield)
rPois  .         Gourm    .     (no helmet)
rElec  .         Spirit   +     i - +0 cloak
rCorr  .         Warding  .     (no gloves)
rMut   .         Stasis   .     (no boots)
MR     .....                    (no amulet)
Stlth  +.........               (no ring)
                                h - +4 ring of evasion

@: lethally poisoned (2 -> -1), very slightly contaminated, hasted, very quick,
not resistant to hostile enchantments, very unstealthy
A: fangs 2, regeneration 1, magic shield, antimagic bite, no device heal 3, rot
immunity
a: no special abilities


You were on level 3 of the Dungeon.
You were not hungry.

You visited 1 branch of the dungeon, and saw 4 of its levels.

You collected 31 gold pieces.

Inventory:

Missiles
 a - 12 arrows
Armour
 b - a +0 robe (worn)
 i - a +0 cloak (worn)
Jewellery
 h - a +4 ring of evasion (left hand)
Wands
 j - a wand of random effects (12)
Scrolls
 f - a scroll of enchant weapon {unknown}
 g - 2 scrolls of immolation {unknown}
Books
 c - a book of Changes

   Spells                             Type                      Level
   a - Beastly Appendage              Transmutation                1
   b - Sticks to Snakes               Transmutation                2
   c - Spider Form                    Transmutation/Poison         3
   d - Ice Form                       Ice/Transmutation            4
   e - Blade Hands                    Transmutation                5
Comestibles
 d - 3 bread rations


   Skills:
 - Level 0.8 Fighting
 - Level 1.5 Dodging
 + Level 3.2 Unarmed Combat
 - Level 2.1 Spellcasting
 + Level 2.3 Transmutations


You had 3 spell levels left.
You knew the following spells:

 Your Spells              Type           Power        Failure   Level  Hunger
a - Beastly Appendage     Trmt           #.....       12%         1    ##.....


Dungeon Overview and Level Annotations

Branches:
Dungeon (4/15)
 Temple: D:4-7

Altars:

Annotations:
D:4 Edmund


Innate Abilities, Weirdness & Mutations

You have extremely sharp teeth.
Your natural rate of healing is unusually fast.
When hurt, damage is shared between your health and your magic reserves.
Your bite disrupts and absorbs the magic of your enemies.
Potions and wands cannot restore your health.
You are immune to rotting.


Message History

You hit the adder. Your kick misses the adder. Your bite misses the adder.
The adder is heavily wounded.
You feel sick. The adder closely misses you. The quokka completely misses you.
The adder closely misses you. The giant newt misses you.
Your talons disappear.
The giant newt bites you but does no damage.
The quokka barely misses you.
The quokka twitches its whiskers.
The quokka barely misses you.
You feel sick. The adder completely misses you. The adder bites you.
You are lethally poisoned!
The adder poisons you!
Drink which item? (? for menu, Esc to quit)
It was a potion of haste.
You feel yourself speed up.
* * * LOW HITPOINT WARNING * * *
You feel sick. The quokka barely misses you. The adder bites you.
The quokka closely misses you.
You are very lightly contaminated with residual magic.
Are you sure you want to abandon this character and quit the game? (Confirm with "yes".)

#........................
#..................##....
#...........#########....
#...........# #....
...........### #....
..%).......# #....
......?..l.# #####
........rS.# .........@.#
..........# ..........#
..........# .........#
.........# .........#
.........#


You could see an adder, a quokka and a giant newt.

Vanquished Creatures
  A bat (D:1)
  A giant cockroach (D:4)
  2 quokkas
  A kobold (D:1)
5 creatures vanquished.

Notes
Turn   | Place    | Note
--------------------------------------------------------------
     0 | D:1      | Charly the Vine Stalker Transmuter began the quest for the Orb.
     0 | D:1      | Reached XP level 1. HP: 9/9 MP: 4/4
     0 | D:1      | jacquesderrida: hi
     2 | D:1      | BLOAX: deep enough that the wand of lightning is lethal
     7 | D:1      | BLOAX: with no way out
    20 | D:1      | jacquesderrida: Oh, I see. Also hi!
    34 | D:2      | BLOAX: hi
    34 | D:2      | Charly: hihi
    35 | D:2      | jacquesderrida: Thank you
    82 | D:3      | Charly: 6slay
    89 | D:3      | jacquesderrida: Yes
    93 | D:3      | BLOAX: positive energy
    93 | D:3      | Charly: or wiz
    93 | D:3      | jacquesderrida: At the very least
    93 | D:3      | Charly: wizs fine too
    93 | D:3      | jacquesderrida: +69 sley
    97 | D:3      | Charly: not bad
    97 | D:3      | BLOAX: well it's not shit
    97 | D:3      | jacquesderrida: tnahk
    97 | D:3      | BLOAX: thank mr skeltal
   176 | D:4      | Noticed an ogre
   194 | D:4      | Noticed Edmund
   249 | D:3      | Quit the game

Action                   || total
-------------------------++-------
Melee: Unarmed           ||    28
 Cast: Beastly Appendage ||     1
Evoke: Wand              ||     2
  Use: Potion            ||     1
 Stab: Sleeping          ||     2
  Eat: Beef jerky        ||     1
